TOP OF THE 1ST |
Lexington Legends batting - Pitching for Lake County Captains : RHP David Matheney
|
Pitching: RHP David Matheney
|
|
Batting: RHB Tim Persson
|
0-0: Ball 1-0: Ball 2-0: Ball 3-0: Called Strike 3-1: SINGLE (Flyball, 56D, EV 91.9 MPH)
|
Batting: LHB Bobby Gonzalez
|
0-0: Called Strike Tim Persson steals 2nd base 0-1: SINGLE (Line Drive, 4MD, EV 104.4 MPH) Tim Persson to third
|
Batting: SHB Bill Ertl
|
0-0: Ground out 6-3 (Groundball, 6S, EV 70.6 MPH) Tim Persson scores Bobby Gonzalez to second
|
Batting: LHB Kevin Rolison
|
0-0: Ball 1-0: Swinging Strike 1-1: Swinging Strike 1-2: Ball 2-2: Foul Ball, location: 2F 2-2: Strikes out looking
|
Batting: LHB Joe Cozart
|
0-0: Ball 1-0: Ball 2-0: Called Strike 2-1: Ball 3-1: DOUBLE (Line Drive, 3D, EV 95.6 MPH) Bobby Gonzalez scores
|
Batting: LHB Randy Stapleton
|
0-0: Called Strike 0-1: Ball 1-1: Foul Ball, location: 2F 1-2: Ball 2-2: Strikes out swinging
|
Top of the 1st over - 2 runs, 3 hits, 0 errors, 1 left on base; Lexington 2 - Lake County 0 |
BOTTOM OF THE 1ST |
Lake County Captains batting - Pitching for Lexington Legends : RHP Tony Jimenez
|
Pitching: RHP Tony Jimenez
|
|
Batting: SHB Jarrod Lindblad
|
0-0: Ground out 6-3 (Groundball, 4M, EV 92.5 MPH)
|
Batting: RHB Chris Fitzgerald
|
0-0: Ball 1-0: Foul Ball, location: 2F 1-1: Ball 2-1: Foul Ball, location: 2F 2-2: Fly out, F9 (Flyball, 9, EV 92.5 MPH)
|
Batting: RHB Ricky Deen
|
0-0: Ground out 5-3 (Groundball, 5L, EV 87.5 MPH)
|
Bottom of the 1st over - 0 runs, 0 hits, 0 errors, 0 left on base; Lexington 2 - Lake County 0 |
TOP OF THE 2ND |
Lexington Legends batting - Pitching for Lake County Captains : RHP David Matheney
|
Batting: LHB Danny Pacheco
|
0-0: Foul Ball, location: 2F 0-1: Ball 1-1: Ball 2-1: Ground out 6-3 (Groundball, 6, EV 83.1 MPH)
|
Batting: RHB Oren Jones
|
0-0: Called Strike 0-1: Called Strike 0-2: Ball 1-2: Foul Ball, location: 2F 1-2: Ball 2-2: Strikes out swinging
|
Batting: RHB Timotheus Cooper
|
0-0: Called Strike 0-1: Swinging Strike 0-2: Ball 1-2: Strikes out swinging
|
Top of the 2nd over - 0 runs, 0 hits, 0 errors, 0 left on base; Lexington 2 - Lake County 0 |
BOTTOM OF THE 2ND |
Lake County Captains batting - Pitching for Lexington Legends : RHP Tony Jimenez
|
Batting: LHB John Shults
|
0-0: Swinging Strike 0-1: Ball 1-1: Swinging Strike 1-2: SOLO HOME RUN (Flyball, 7D, EV 96.2 MPH), Distance : 386 ft
|
Batting: RHB Joeri Plas
|
0-0: Ball 1-0: Ball 2-0: Ball 3-0: Called Strike 3-1: Foul Ball, location: 2F 3-2: Base on Balls
|
Batting: RHB John Shaffer
|
0-0: Ball 1-0: Fly out, F8 (Flyball, 8RD, EV 98.1 MPH)
|
Pitching: LHP Butch Ott
|
|
Batting: LHB Brandon Hopper
|
0-0: Ball 1-0: Called Strike 1-1: Ball 2-1: Ball 3-1: Base on Balls Joeri Plas to second
|
Batting: RHB David Matheney
|
0-0: Called Strike 0-1: Called Strike 0-2: Ball 1-2: Ball 2-2: TRIPLE (Flyball, 78XD, EV 111.9 MPH) Joeri Plas scores Brandon Hopper scores
|
Batting: RHB Chris Diaz
|
0-0: Called Strike 0-1: Swinging Strike 0-2: Foul Ball, location: 2F 0-2: Ball 1-2: Foul Ball, location: 2F 1-2: Foul Ball, location: 2F 1-2: Strikes out swinging
|
Batting: SHB Jarrod Lindblad
|
0-0: Ball 1-0: Called Strike 1-1: Ball 2-1: SINGLE (Flyball, 6MD, EV 90.6 MPH) David Matheney scores
|
Pitching: RHP Howie Seidler
|
|
Batting: RHB Chris Fitzgerald
|
0-0: Swinging Strike 0-1: Foul Ball, location: 2F 0-2: Strikes out swinging
|
Bottom of the 2nd over - 4 runs, 3 hits, 0 errors, 1 left on base; Lexington 2 - Lake County 4 |
TOP OF THE 3RD |
Lexington Legends batting - Pitching for Lake County Captains : RHP David Matheney
|
Batting: RHB Tim Persson
|
0-0: Bunt for hit to 13S - play at first, batter safe!
|
Batting: LHB Bobby Gonzalez
|
0-0: Fielders Choice at 2nd, 6-4 (Groundball, 6, EV 99.4 MPH)
|
Batting: SHB Bill Ertl
|
0-0: Ball 1-0: Called Strike 1-1: Ball Wild Pitch! Bobby Gonzalez to second 2-1: Ball 3-1: Foul Ball, location: 2F 3-2: DOUBLE (Line Drive, 5D, EV 93.8 MPH) Bobby Gonzalez scores
|
Batting: LHB Kevin Rolison
|
0-0: Ball 1-0: Ball 2-0: Swinging Strike 2-1: Foul Ball, location: 2F 2-2: Ball 3-2: Ground out U3 (Groundball, 3L, EV 81.2 MPH) Bill Ertl to third
|
Batting: LHB Joe Cozart
|
0-0: Ball 1-0: Ball 2-0: Reached on error, E6 (Groundball, 6, EV 107.5 MPH) Bill Ertl scores
|
Batting: LHB Randy Stapleton
|
0-0: Ball 1-0: Foul Ball, location: 2F 1-1: Ball 2-1: Foul Ball, location: 2F 2-2: Strikes out swinging
|
Top of the 3rd over - 2 runs, 2 hits, 1 error, 1 left on base; Lexington 4 - Lake County 4 |
BOTTOM OF THE 3RD |
Lake County Captains batting - Pitching for Lexington Legends : RHP Howie Seidler
|
Batting: RHB Ricky Deen
|
0-0: Foul Ball, location: 2F 0-1: Foul Ball, location: 2F 0-2: Ball 1-2: Ball 2-2: Strikes out swinging
|
Batting: LHB John Shults
|
0-0: Ball 1-0: Called Strike 1-1: Called Strike 1-2: Ball 2-2: Ball 3-2: Strikes out swinging
|
Batting: RHB Joeri Plas
|
0-0: Swinging Strike 0-1: Ball 1-1: Foul Ball, location: 2F 1-2: Ball 2-2: Ball 3-2: Foul Ball, location: 2F 3-2: SINGLE (Groundball, 5D, EV 95.0 MPH)
|
Pitching: RHP Bryan Kiefer
|
|
Batting: RHB John Shaffer
|
Pickoff Throw to First - Out! 1-3
|
Bottom of the 3rd over - 0 runs, 1 hit, 0 errors, 0 left on base; Lexington 4 - Lake County 4 |
TOP OF THE 4TH |
Lexington Legends batting - Pitching for Lake County Captains : RHP David Matheney
|
Batting: LHB Danny Pacheco
|
0-0: Ball 1-0: Swinging Strike 1-1: Swinging Strike 1-2: Strikes out swinging
|
Batting: RHB Oren Jones
|
0-0: Foul Ball, location: 2F 0-1: Ball 1-1: Ball 2-1: Fly out, F8 (Line Drive, 8LD, EV 89.4 MPH)
|
Batting: RHB Timotheus Cooper
|
0-0: Ball 1-0: Ball 2-0: Foul Ball, location: 2F 2-1: Foul Ball, location: 2F 2-2: Strikes out swinging, 2-3 out at first.
|
Top of the 4th over - 0 runs, 0 hits, 0 errors, 0 left on base; Lexington 4 - Lake County 4 |
BOTTOM OF THE 4TH |
Lake County Captains batting - Pitching for Lexington Legends : RHP Bryan Kiefer
|
Batting: RHB John Shaffer
|
0-0: Called Strike 0-1: Ball 1-1: Called Strike 1-2: Foul Ball, location: 2F 1-2: SINGLE (Groundball, 56D, EV 101.2 MPH)
|
Batting: LHB Brandon Hopper
|
0-0: Called Strike 0-1: Foul Ball, location: 2F 0-2: Fielders Choice at 2nd, 4-6 (Groundball, 4, EV 107.5 MPH)
|
Batting: RHB David Matheney
|
0-0: SINGLE (Groundball, 4D, EV 101.2 MPH) Brandon Hopper to second Runner from 2nd tries for 3rd, SAFE, throw by CF made to third
|
Batting: RHB Chris Diaz
|
0-0: Called Strike 0-1: Called Strike 0-2: Ball 1-2: Ball 2-2: Ball 3-2: Foul Ball, location: 2F 3-2: Foul Ball, location: 2F 3-2: Fly out, F9 (Flyball, 89M, EV 91.2 MPH)
|
Batting: SHB Jarrod Lindblad
|
0-0: Called Strike David Matheney steals 2nd base 0-1: Swinging Strike 0-2: Foul Ball, location: 2F 0-2: Foul Ball, location: 2F 0-2: Foul Ball, location: 2F 0-2: Ball 1-2: Foul Ball, location: 2F 1-2: Foul Ball, location: 2F 1-2: Ball 2-2: Ball 3-2: Strikes out swinging
|
Bottom of the 4th over - 0 runs, 2 hits, 0 errors, 2 left on base; Lexington 4 - Lake County 4 |
TOP OF THE 5TH |
Lexington Legends batting - Pitching for Lake County Captains : RHP David Matheney
|
Batting: RHB Tim Persson
|
0-0: Ground out 6-3 (Groundball, 6, EV 98.1 MPH)
|
Batting: LHB Bobby Gonzalez
|
0-0: Ball 1-0: Ball 2-0: Fly out, F8 (Flyball, 78M, EV 85.6 MPH)
|
Batting: SHB Bill Ertl
|
0-0: Called Strike 0-1: SINGLE (Groundball, 6MD, EV 95.0 MPH)
|
Batting: LHB Kevin Rolison
|
0-0: Called Strike 0-1: Called Strike 0-2: DOUBLE (Line Drive, 78XD, EV 114.4 MPH) Bill Ertl to third Runner from 3rd tries for Home, throw by LF and OUT! 7-6-2
|
Top of the 5th over - 0 runs, 2 hits, 0 errors, 1 left on base; Lexington 4 - Lake County 4 |
BOTTOM OF THE 5TH |
Lake County Captains batting - Pitching for Lexington Legends : RHP Bryan Kiefer
|
Pitching: RHP Rich Frontczak
|
|
Batting: RHB Chris Fitzgerald
|
0-0: Ball 1-0: Fly out, F2 (Popup, 3SF, EV 81.9 MPH)
|
Batting: RHB Ricky Deen
|
0-0: SINGLE (Line Drive, 8LS, EV 99.4 MPH)
|
Batting: LHB John Shults
|
0-0: Ball 1-0: Called Strike 1-1: Fielders Choice at 2nd, 4-6 (Groundball, 4, EV 83.1 MPH)
|
Batting: RHB Joeri Plas
|
0-0: Ball 1-0: Ball 2-0: Foul Ball, location: 2F 2-1: SINGLE (Line Drive, 34D, EV 101.9 MPH) John Shults to second
|
Batting: RHB John Shaffer
|
0-0: Ball 1-0: Ball 2-0: Foul Ball, location: 2F 2-1: Ball 3-1: Base on Balls John Shults to third Joeri Plas to second
|
Batting: LHB Brandon Hopper
|
0-0: Called Strike 0-1: SINGLE (Line Drive, 8LS, EV 99.4 MPH) John Shults scores Joeri Plas to third John Shaffer to second Runner from 3rd tries for Home, SAFE, throw by CF to home
|
Batting: RHB David Matheney
|
0-0: Ball 1-0: Ball 2-0: Called Strike 2-1: Ball 3-1: Foul Ball, location: 2F 3-2: Strikes out swinging
|
Bottom of the 5th over - 2 runs, 3 hits, 0 errors, 2 left on base; Lexington 4 - Lake County 6 |
TOP OF THE 6TH |
Lexington Legends batting - Pitching for Lake County Captains : RHP David Matheney
|
Batting: LHB Joe Cozart
|
0-0: Fly out, F9 (Line Drive, 89M, EV 91.2 MPH)
|
Batting: LHB Randy Stapleton
|
0-0: Ball 1-0: Swinging Strike 1-1: Foul Ball, location: 2F 1-2: Foul Ball, location: 2F 1-2: Strikes out swinging
|
Batting: LHB Danny Pacheco
|
0-0: Called Strike 0-1: Ground out U3 (Groundball, 3L, EV 88.1 MPH)
|
Top of the 6th over - 0 runs, 0 hits, 0 errors, 0 left on base; Lexington 4 - Lake County 6 |
BOTTOM OF THE 6TH |
Lake County Captains batting - Pitching for Lexington Legends : RHP Rich Frontczak
|
Pitching: RHP Neil Drain
|
|
Batting: RHB Chris Diaz
|
0-0: Ball 1-0: Ball 2-0: Called Strike 2-1: Ball 3-1: Base on Balls
|
Batting: SHB Jarrod Lindblad
|
0-0: Called Strike 0-1: SINGLE (Line Drive, 89S, EV 91.2 MPH) Chris Diaz to second Runner from 2nd tries for 3rd, SAFE, throw by RF made to third
|
Batting: RHB Chris Fitzgerald
|
0-0: Ball 1-0: SINGLE (Line Drive, 6D, EV 100.0 MPH) Chris Diaz scores Jarrod Lindblad to second
|
Batting: RHB Ricky Deen
|
0-0: Ball 1-0: Foul Ball, location: 2F 1-1: Ball 2-1: DOUBLE (Line Drive, 89D, EV 111.9 MPH) Jarrod Lindblad scores Chris Fitzgerald to third
|
Batting: LHB John Shults
|
0-0: Foul Ball, location: 2F 0-1: Swinging Strike 0-2: Foul Ball, location: 2F 0-2: SINGLE (Groundball, 25, EV 63.8 MPH) (infield hit)
|
Batting: RHB Joeri Plas
|
0-0: Called Strike 0-1: Ball 1-1: SINGLE (Groundball, 34, EV 98.1 MPH) Chris Fitzgerald scores Ricky Deen to third John Shults to second
|
Batting: RHB John Shaffer
|
0-0: Ball 1-0: Ball 2-0: Called Strike 2-1: Ball 3-1: Swinging Strike 3-2: Strikes out swinging
|
Batting: LHB Brandon Hopper
|
0-0: Ground out 6-3 (Groundball, 4MS, EV 83.1 MPH) Ricky Deen scores John Shults to third Joeri Plas to second
|
Batting: RHB David Matheney
|
0-0: Ball 1-0: Called Strike 1-1: Foul Ball, location: 2F 1-2: SINGLE (Line Drive, 9S, EV 104.4 MPH) John Shults scores Joeri Plas to third
|
Batting: RHB Chris Diaz
|
0-0: Foul Ball, location: 2F 0-1: Swinging Strike 0-2: Ball 1-2: Foul Ball, location: 2F 1-2: Foul Ball, location: 2F 1-2: Strikes out looking
|
Bottom of the 6th over - 5 runs, 6 hits, 0 errors, 2 left on base; Lexington 4 - Lake County 11 |
TOP OF THE 7TH |
Lexington Legends batting - Pitching for Lake County Captains : RHP David Matheney
|
Batting: RHB Oren Jones
|
0-0: Fly out, F7 (Flyball, 7LS, EV 96.9 MPH)
|
Batting: RHB Timotheus Cooper
|
0-0: Ball 1-0: Fly out, F7 (Flyball, 7D, EV 93.8 MPH)
|
Batting: RHB Tim Persson
|
0-0: Ball 1-0: Ball 2-0: Ground out 4-3 (Groundball, 4, EV 83.1 MPH)
|
Top of the 7th over - 0 runs, 0 hits, 0 errors, 0 left on base; Lexington 4 - Lake County 11 |
BOTTOM OF THE 7TH |
Lake County Captains batting - Pitching for Lexington Legends : RHP Neil Drain
|
Batting: SHB Jarrod Lindblad
|
0-0: Foul Ball, location: 2F 0-1: Foul Ball, location: 2F 0-2: SINGLE (Groundball, 34D, EV 103.8 MPH)
|
Batting: RHB Chris Fitzgerald
|
0-0: Ball 1-0: Ball 2-0: Ball 3-0: Base on Balls Jarrod Lindblad to second
|
Batting: RHB Ricky Deen
|
0-0: 3-RUN HOME RUN (Flyball, 9LD, EV 96.2 MPH), Distance : 338 ft
|
Pitching: RHP Shane Bruce
|
|
Batting: LHB John Shults
|
0-0: Foul Ball, location: 2F 0-1: Foul Ball, location: 2F 0-2: Ball 1-2: Ball 2-2: Ground out 4-3 (Groundball, 4M, EV 100.0 MPH)
|
Batting: RHB Joeri Plas
|
0-0: Hit by Pitch
|
Batting: RHB John Shaffer
|
0-0: Called Strike 0-1: Foul Ball, location: 2F 0-2: Ball 1-2: Fielders Choice at 2nd, 3-6 (Groundball, 34S, EV 83.8 MPH)
|
Batting: LHB Brandon Hopper
|
0-0: Ball 1-0: Swinging Strike 1-1: Ball 2-1: Ball 3-1: Base on Balls John Shaffer to second
|
Batting: RHB David Matheney
|
0-0: Called Strike 0-1: Ball 1-1: Ball 2-1: Foul Ball, location: 2F 2-2: Ground out U3 (Groundball, 34, EV 106.2 MPH)
|
Bottom of the 7th over - 3 runs, 2 hits, 0 errors, 2 left on base; Lexington 4 - Lake County 14 |
TOP OF THE 8TH |
Lexington Legends batting - Pitching for Lake County Captains : RHP David Matheney
|
Batting: LHB Bobby Gonzalez
|
0-0: Ball 1-0: Foul Ball, location: 2F 1-1: Ball 2-1: Foul Ball, location: 2F 2-2: Ground out 4-3 (Groundball, 4, EV 88.8 MPH)
|
Pitching: RHP Andy Knothe
|
|
Batting: SHB Bill Ertl
|
0-0: Ball 1-0: Foul Ball, location: 2F 1-1: Ball 2-1: Ball 3-1: Foul Ball, location: 2F 3-2: Strikes out swinging, 2-3 out at first.
|
Batting: LHB Kevin Rolison
|
0-0: Ball 1-0: Fly out, F9 (Flyball, 9LM, EV 97.5 MPH)
|
Top of the 8th over - 0 runs, 0 hits, 0 errors, 0 left on base; Lexington 4 - Lake County 14 |
BOTTOM OF THE 8TH |
Lake County Captains batting - Pitching for Lexington Legends : RHP Shane Bruce
|
Batting: RHB Chris Diaz
|
0-0: Called Strike 0-1: Ball 1-1: Called Strike 1-2: Fly out, F9 (Flyball, 89S, EV 92.5 MPH)
|
Batting: SHB Jarrod Lindblad
|
0-0: Ball 1-0: Called Strike 1-1: Ball 2-1: Foul Ball, location: 2F 2-2: Ball 3-2: SINGLE (Flyball, 34D, EV 85.0 MPH)
|
Batting: RHB Chris Fitzgerald
|
0-0: Ball Wild Pitch! Jarrod Lindblad to second 1-0: Foul Ball, location: 2F 1-1: Fly out, F9 (Flyball, 89M, EV 86.9 MPH)
|
Pinch Hitting: LHB Matt Steinke
|
0-0: Ball 1-0: Foul Ball, location: 2F 1-1: Foul Ball, location: 2F 1-2: Fly out, F8 (Flyball, 89M, EV 93.1 MPH)
|
Bottom of the 8th over - 0 runs, 1 hit, 0 errors, 1 left on base; Lexington 4 - Lake County 14 |
TOP OF THE 9TH |
Lexington Legends batting - Pitching for Lake County Captains : RHP Andy Knothe
|
Now at 1B: Matt Steinke
|
|
Batting: LHB Joe Cozart
|
0-0: Ball 1-0: SINGLE (Groundball, 34S, EV 63.8 MPH) (infield hit)
|
Batting: LHB Randy Stapleton
|
0-0: Called Strike 0-1: Ball 1-1: Foul Ball, location: 2F 1-2: Ball 2-2: Strikes out swinging
|
Batting: LHB Danny Pacheco
|
0-0: Ground out 4-3 (Groundball, 34D, EV 103.8 MPH) Joe Cozart to second
|
Batting: RHB Oren Jones
|
0-0: Ball 1-0: Ball 2-0: Called Strike 2-1: Foul Ball, location: 2F 2-2: Strikes out swinging
|
Top of the 9th over - 0 runs, 1 hit, 0 errors, 1 left on base; Lexington 4 - Lake County 14 |
|